 Dungeon Crawl Stone Soup version 0.25-a0-544-gee0576305d (webtiles) character file.

Game seed: 9229622519865957491, levelgen mode: classic

78948 EnegeticOcto the Champion of Chaos (level 15, -2/146 HPs)
             Began as a Deep Dwarf Fighter on Feb 20, 2020.
             Was the Champion of Makhleb.
             Slain by an enormous slime creature (55 damage)
             ... on level 15 of the Dungeon.
             The game lasted 00:10:58 (14443 turns).

EnegeticOcto the Champion of Chaos (DDFi)          Turns: 14443, Time: 00:10:58

Health: -2/146     AC: 21    Str: 23    XL:     15   Next: 19%
Magic:  23/23      EV: 11    Int: 10    God:    Makhleb [******]
Gold:   1337       SH: 12    Dex: 12    Spells: 14/14 levels left

rFire    . . .     SeeInvis .   B - +6 war axe (flame)
rCold    . . .     Gourm    .   c - +0 kite shield
rNeg     + . .     Faith    .   w - +0 plate armour
rPois    .         Spirit   .   (no helmet)
rElec    .         Reflect  .   s - +0 cloak {+Inv}
rCorr    .         Harm     .   (no gloves)
MR       ++...                  d - +1 pair of boots
Stlth    ..........             (no amulet)
HPRegen  0.00/turn              N - +3 ring of protection
MPRegen  0.18/turn              J - +2 ring of slaying

@: non-regenerating
A: damage resistance, heal wounds, blink, high mp 1, negative energy resistance
1, sense surroundings 2, weak 1, no potion heal 1, no regeneration
a: Heal Wounds, Blink, Minor Destruction, Lesser Servant of Makhleb, Major
Destruction, Greater Servant of Makhleb, Renounce Religion, Evoke Invisibility


You were on level 15 of the Dungeon.
You worshipped Makhleb.
Makhleb was exalted by your worship.
You were very hungry.

You visited 3 branches of the dungeon, and saw 22 of its levels.
You also visited: Gauntlet.

You collected 1602 gold pieces.
You spent 265 gold pieces at shops.

Inventory:

Hand Weapons
 B - a +6 war axe of flaming (weapon)
 P - the +12 Vampire's Tooth {vamp}
   (You took it off a minotaur in a Gauntlet)

   It inflicts no extra harm, but heals its wielder when it wounds a living foe.
 Q - a +2 war axe of venom
Armour
 c - a +0 kite shield (worn)
 d - a +1 pair of boots (worn)
 s - a +0 cloak of invisibility (worn)
 t - a +0 cloak
 w - a +0 plate armour (worn)
Jewellery
 z - an uncursed ring of protection from cold
 D - an uncursed ring of see invisible
 J - a +2 ring of slaying (right hand)
 N - a +3 ring of protection (left hand)
Wands
 l - a wand of flame (39)
 y - a wand of iceblast (29)
 A - a wand of paralysis (28)
 F - a wand of acid (14) {@v1}
 G - a wand of polymorph (30)
 H - a wand of disintegration (23)
 V - a wand of digging (4) {@v2}
Scrolls
 g - 5 scrolls of enchant armour
 i - 6 scrolls of remove curse {@r6}
 p - 3 scrolls of silence
 u - 5 scrolls of teleportation {@r2}
 x - 4 scrolls of immolation {@r4}
 C - 4 scrolls of magic mapping {@r5}
 I - a scroll of blinking {@r3}
 K - a scroll of fear
 L - 3 scrolls of summoning
 M - 5 scrolls of identify {@r1}
 O - 5 scrolls of amnesia
 U - 3 scrolls of enchant weapon
 W - 4 scrolls of fog
Potions
 a - 2 potions of brilliance
 b - a potion of cancellation
 f - 7 potions of curing {@q1}
 h - 3 potions of ambrosia
 j - 8 potions of stabbing {@q5}
 k - 3 potions of might {@q3}
 m - 5 potions of resistance {@q6}
 n - 2 potions of haste {@q4}
 o - a potion of flight {unknown}
 q - 6 potions of heal wounds {@q2}
 r - 3 potions of magic
 v - 2 potions of invisibility
 E - a potion of berserk rage {unknown}
 R - a potion of mutation
 S - 2 potions of lignification {@q7}
Miscellaneous
 T - a phantom mirror
Comestibles
 e - 40 rations


   Skills:
 * Level 12.3 Fighting
 * Level 14.2 Axes
 + Level 10.9 Armour
 + Level 10.3 Dodging
 + Level 10.7 Shields
 * Level 15.0 Invocations


You had 14 spell levels left.
You didn't know any spells.
Your spell library was empty.

Dungeon Overview and Level Annotations

Branches:
Dungeon (15/15)            Temple (1/1) D:6            Lair (6/6) D:11
  Swamp (0/4) Lair:2       Spider (0/4) Lair:2        Slime (0/5) Lair:6
    Orc (0/2) D:11         Vaults (0/5) D:13        Gauntlet (visited)
 Depths: D:15

Altars:
Ashenzari
Cheibriados
Dithmenos
Elyvilon
Fedhas
Hepliaklqana
Kikubaaqudgha
Makhleb
Nemelex Xobeh
Okawaru
Qazlal
Ru
Sif Muna
Trog
Uskayaw
Vehumet
Wu Jian
Xom
Yredelemnul
The Shining One
Jiyva

Shops:
D:7 (   D:9 *   D:12 ?

Annotations:
D:12 2 runed translucent doors
Lair:2 1 transporter
Lair:3 exclusion: 2 oklob plants


Innate Abilities, Weirdness & Mutations

You are resistant to damage.
You can heal yourself by infusing magical energy.
You resist negative energy. (rN+)
You passively map the area around you.
You do not regenerate.
You can translocate small distances at will.
You have an increased reservoir of magic. (+10% MP)
You are weak. (Str -2)
Potions are less effective at restoring your health.


Message History

You closely miss the warg.
The warg is severely wounded.
The warg barely misses you.
You slice the warg!! You burn the warg.
You kill the warg!
Makhleb accepts your kill.
You feel better.
No target in view!
No target in view!
No target in view!
No target in view! 4 slime creatures and a rakshasa come into view.
The slime creature quivers. x4
The rakshasa gestures at you. The lance of force hits you!
You are knocked back by the lance of force.
You slam into the rock wall!
There are monsters nearby!
A slime creature comes into view.
Two slime creatures merge to form a large slime creature.
Two slime creatures merge to form a very large slime creature.
You block the rakshasa's attack.
You slash the rakshasa! You burn the rakshasa.
The rakshasa is lightly wounded.
Two slime creatures merge to form an enormous slime creature.
The rakshasa barely misses you.
You closely miss the rakshasa.
The rakshasa is lightly wounded.
A slime creature suddenly becomes a titanic slime creature.
The rakshasa barely misses you.
You closely miss the rakshasa.
The rakshasa is lightly wounded.
A titanic slime creature splits.
You slice the rakshasa!! You burn the rakshasa!
The rakshasa is almost dead.
The rakshasa gestures at you. The lance of force hits you!!
You are knocked back by the lance of force.
You slam into the rock wall!
You slice the rakshasa!! You burn the rakshasa.
You kill the rakshasa!
Makhleb accepts your kill.
You feel better.
Your Invocations skill increases to level 15!
A very large slime creature splits.
You hit the large slime creature. You burn the large slime creature.
The large slime creature is lightly wounded.
A large slime creature splits.
Two slime creatures merge to form a very large slime creature.
You slash the very large slime creature!
You burn the very large slime creature.
The very large slime creature is lightly wounded.
You slash the slime creature! You burn the slime creature.
Two slime creatures merge to form an enormous slime creature.
You slash the enormous slime creature! You burn the enormous slime creature.
The enormous slime creature is lightly wounded.
You hit the slime creature. You burn the slime creature.
The slime creature closely misses you.
You slash the enormous slime creature! You burn the enormous slime creature.
The enormous slime creature is lightly wounded.
You slash the slime creature! You burn the slime creature.
The slime creature barely misses you.
You slash the slime creature! You burn the slime creature.
The slime creature is heavily wounded.
You slice the enormous slime creature!! You burn the enormous slime creature!
You block the enormous slime creature's attack.
The slime creature hits you but does no damage.
You hit the slime creature. You burn the slime creature.
The slime creature is severely wounded.
You slash the enormous slime creature! You burn the enormous slime creature.
You block the enormous slime creature's attack.
You block the slime creature's attack.
You slash the slime creature! You burn the slime creature.
The slime creature is almost dead.
You barely miss the enormous slime creature.
The enormous slime creature hits you!! You block the slime creature's attack.
You barely miss the slime creature.
The slime creature is almost dead.
You slash the enormous slime creature! You burn the enormous slime creature.
The enormous slime creature closely misses you.
You slice the slime creature!! You burn the slime creature.
You kill the slime creature!
Makhleb accepts your kill.
You slash the enormous slime creature! You burn the enormous slime creature.
You completely miss the enormous slime creature.
The enormous slime creature is heavily wounded.
The enormous slime creature hits you!!!
* * * LOW HITPOINT WARNING * * *
You are too injured to fight recklessly!
You are too injured to fight recklessly!
You are too injured to fight recklessly!
You are too injured to fight recklessly!
You are too injured to fight recklessly!
You are too injured to fight recklessly!
You are too injured to fight recklessly!
You are too injured to fight recklessly!
You are too injured to fight recklessly!
You are too injured to fight recklessly!
You feel much better. The enormous slime creature hits you!!!
You die...

...#.#....#)...##.#.#.#.#.#.#)#.#
#..#...#.########..#.#.#.#.#.#.#.
...###...# #.#.#.#.#.#!#.#(#
##....#### #..#.#.#.#.#.#.#(
#..#.# ########.#.#.#.#.#.#.#
,#....#### #..#.##.#.#.#.#.#.#.#.
###.###..###.....##.#.#.#.#.#.#.#
....##..[.#..##.##.#.#.#.#.#.#.#.
###.'†......###J@##.#.#.#.#.#.#.#
####.)..###.)..#.#.#.#.#.#.#.#.
##..## #.#####.#.#.#.#.#.#.# ####
#.. #.#.#.#.#.#.#.#. *#..
*##.#.#.#.#.#.#.# #...
,#.#.#.#.#.#.#.#. ##.,
,,###.#.#.#.#.#.#.# ##
#..#.#.#.#.#.#.#.
#.#.#.#.#.#.#.#.#


You could see an enormous slime creature.

Vanquished Creatures
  Jorgrun (D:12)
  Frances (D:12)
  A minotaur (Gauntlet)
  Snorg (D:14)
  An ettin (D:13)
  2 rakshasas (D:15)
  A fire dragon (D:13)
  8 hydras
  5 two-headed ogres
  2 centaur warriors
  A queen ant (Gauntlet)
  2 unseen horrors
  An iron troll (D:13)
  A wizard (D:15)
  A deep elf mage (D:13)
  A wolf spider (shapeshifter) (D:13)
  15 ugly things
  A manticore (D:15)
  5 elephants (Lair:3)
  3 black mambas (Lair:6)
  An apocalypse crab (Gauntlet)
  12 spiny frogs
  2 centaur zombies
  2 torpor snails
  2 molten gargoyles (Lair:1)
  Maggie (D:6)
  2 gargoyles
  2 centaur skeletons
  An efreet (D:13)
  6 komodo dragons
  2 yaktaurs (shapeshifter)
  2 rime drakes (Lair:2)
  5 trolls
  3 meliai (D:13)
  3 tengu conjurers
  2 polar bears (Lair:6)
  A tyrant leech (Lair:2)
  5 hornets
  16 slime creatures
  2 dream sheep (Lair:6)
  16 blink frogs
  11 hippogriffs
  11 spriggans (Lair:6)
  A vampire (D:13)
  2 centaur simulacra
  3 wyverns
  A wraith (D:14)
  54 yaks
  4 fire bats (Lair:1)
  A hungry ghost (D:7)
  A basilisk (D:15)
  Grum (D:9)
  4 swamp worms
  A warg (shapeshifter) (D:15)
  3 acid dragons
  10 soldier ants
  11 water moccasins
  5 sky beasts
  6 orc warriors
  12 porcupines
  An eye of draining (shapeshifter) (D:13)
  A phantom (D:5)
  7 black bears
  A hornet zombie (D:14)
  3 eyes of draining
  3 ice beasts
  3 necrophages
  8 boggarts
  5 ogres
  24 wolves
  2 centaurs
  A tengu (shapeshifter) (D:15)
  9 crocodiles
  4 big kobolds
  18 bullfrogs
  4 scorpions
  5 howler monkeys
  5 crimson imps
  A bullfrog zombie (D:5)
  A lava snake (Lair:1)
  5 hounds
  4 orc priests
  4 jellies
  3 gnoll shamans
  2 bullfrog skeletons (D:9)
  3 iguanas
  14 orc wizards
  6 hell rats
  14 worker ants
  18 gnolls
  13 adders
  6 river rats (Lair:3)
  7 shadow imps
  A white imp (D:7)
  An adder zombie (D:8)
  3 worms
  A dart slug (D:3)
  2 leopard geckos
  34 orcs
  2 ball pythons
  3 bats
  3 giant cockroaches
  3 goblins
  4 hobgoblins
  12 jackals
  A frilled lizard (D:3)
  20 kobolds
  A leopard gecko skeleton (D:4)
  9 rats
  A fire vortex (Lair:1)
  2 fungi (Lair:5)
  A plant (Lair:5)
593 creatures vanquished.

Vanquished Creatures (collateral kills)
  Erolcha (D:12)
  2 blink frogs (Lair:1)
  A slime creature (D:12)
  An orc wizard (D:12)
5 creatures vanquished.

Vanquished Creatures (others)
  An unseen horror (D:15)
  A water elemental (D:12)
  6 demonic plants (Gauntlet)
  2 fungi (Lair:6)
  4 plants
14 creatures vanquished.

Grand Total: 612 creatures vanquished

Notes
Turn   | Place    | Note
-------+----------+-------------------------------------------
     0 | D:1      | EnegeticOcto the Deep Dwarf Fighter began the quest for the
                  | Orb.
     0 | D:1      | Reached XP level 1. HP: 20/20 MP: 1/1
    80 | D:2      | Reached XP level 2. HP: 25/27 MP: 2/2
   250 | D:3      | Reached XP level 3. HP: 18/34 MP: 3/3
   434 | D:4      | Reached skill level 1 in Dodging
   515 | D:4      | Reached XP level 4. HP: 40/42 MP: 4/4
   616 | D:4      | Noticed an ogre
   624 | D:4      | Killed an ogre
   624 | D:4      | Reached XP level 5. HP: 26/49 MP: 5/5
   711 | D:4      | Noticed an ogre
   721 | D:4      | Killed an ogre
   731 | D:4      | Reached XP level 6. HP: 30/57 MP: 5/5
  1017 | D:5      | Entered Level 5 of the Dungeon
  1073 | D:5      | Reached XP level 7. HP: 40/66 MP: 5/5
  1136 | D:5      | Found a hazy altar of Hepliaklqana.
  1169 | D:5      | Reached skill level 5 in Axes
  1401 | D:5      | Reached skill level 5 in Fighting
  1401 | D:5      | Reached skill level 5 in Armour
  1628 | D:6      | Reached XP level 8. HP: 33/74 MP: 6/6
  1676 | D:6      | Reached skill level 5 in Shields
  1755 | D:6      | Noticed Maggie
  1773 | D:6      | Killed Maggie
  1818 | D:6      | Found a staircase to the Ecumenical Temple.
  1838 | Temple   | Entered the Ecumenical Temple
  1932 | Temple   | Became a worshipper of Makhleb the Destroyer
  2038 | D:6      | Reached skill level 1 in Invocations
  2214 | D:6      | Reached skill level 2 in Invocations
  2509 | D:7      | Gained mutation: Potions are less effective at restoring
                  | your health. [potion of mutation]
  2509 | D:7      | Gained mutation: You can translocate small distances at
                  | will. [potion of mutation]
  2509 | D:7      | Gained mutation: You have an increased reservoir of magic.
                  | (+10% MP) [potion of mutation]
  2593 | D:7      | Found Coniset's Antique Weapon Boutique.
  2712 | D:7      | Gained mutation: You passively map the area around you.
                  | [Deep Dwarf growth]
  2712 | D:7      | Reached XP level 9. HP: 59/82 MP: 10/10
  2720 | D:7      | Reached skill level 3 in Invocations
  2725 | D:7      | Found a basalt altar of Yredelemnul.
  2725 | D:7      | Found a shattered altar of Ashenzari.
  3081 | D:8      | Noticed a two-headed ogre
  3089 | D:8      | Killed a two-headed ogre
  3089 | D:8      | Reached * piety under Makhleb
  3089 | D:8      | Reached skill level 5 in Dodging
  3089 | D:8      | Reached skill level 5 in Invocations
  3484 | D:8      | Noticed a two-headed ogre
  3500 | D:8      | Killed a two-headed ogre
  3500 | D:8      | Reached skill level 6 in Invocations
  3500 | D:8      | Reached XP level 10. HP: 87/94 MP: 11/11
  3775 | D:8      | Found a sparkling altar of Nemelex Xobeh.
  3775 | D:8      | Found a blossoming altar of Fedhas.
  4258 | D:9      | Reached skill level 7 in Invocations
  4286 | D:9      | Noticed Grum
  4296 | D:9      | Reached ** piety under Makhleb
  4305 | D:9      | Killed Grum
  4658 | D:9      | Found Taon's Assorted Antiques.
  4666 | D:9      | Bought a scroll of magic mapping for 101 gold pieces
  4688 | D:10     | Entered Level 10 of the Dungeon
  5039 | D:10     | Found an ancient bone altar of Kikubaaqudgha.
  5448 | D:11     | Reached skill level 8 in Invocations
  5475 | D:11     | Found a staircase to the Lair.
  5566 | D:11     | Noticed a cyan ugly thing
  5579 | D:11     | Killed a cyan ugly thing
  5665 | D:11     | Reached XP level 11. HP: 76/103 MP: 14/14
  5692 | D:11     | Found a staircase to the Orcish Mines.
  5852 | D:11     | Reached *** piety under Makhleb
  6051 | Lair:1   | Entered Level 1 of the Lair of Beasts
  6134 | Lair:1   | Reached skill level 10 in Axes
  6168 | Lair:1   | Reached skill level 9 in Invocations
  6875 | Lair:2   | Reached skill level 10 in Invocations
  6896 | Lair:2   | Found a hole to the Spider Nest.
  7034 | Lair:2   | Reached **** piety under Makhleb
  7088 | Lair:2   | Noticed an eight-headed hydra
  7094 | Lair:2   | Killed a four-headed hydra
  7094 | Lair:2   | Reached XP level 12. HP: 115/115 MP: 16/16
  7130 | Lair:2   | Found a transporter.
  7211 | Lair:2   | Found a transporter.
  7260 | Lair:2   | Noticed a seven-headed hydra
  7267 | Lair:2   | Killed a three-headed hydra
  7403 | Lair:2   | Found a staircase to the Swamp.
  7726 | Lair:3   | Found a gate leading to a gauntlet.
  7747 | Gauntlet | Entered a Gauntlet
  7747 | Gauntlet | Found a transporter.
  7747 | Gauntlet | Found a transporter.
  7747 | Gauntlet | Found a large runed translucent door.
  7747 | Gauntlet | Found a large runed translucent door.
  7747 | Gauntlet | Found a large runed translucent door.
  7747 | Gauntlet | Found a large runed translucent door.
  7747 | Gauntlet | Found a large runed translucent door.
  7747 | Gauntlet | Found a large runed translucent door.
  7747 | Gauntlet | Found a runed translucent door.
  7747 | Gauntlet | Found a runed translucent door.
  7747 | Gauntlet | Found a large runed translucent door.
  7747 | Gauntlet | Found a large runed translucent door.
  7747 | Gauntlet | Found a large runed translucent door.
  7747 | Gauntlet | Found a large runed translucent door.
  7747 | Gauntlet | Found a large runed translucent door.
  7747 | Gauntlet | Found a large runed translucent door.
  7751 | Gauntlet | Found a transporter.
  7751 | Gauntlet | Found a transporter.
  7752 | Gauntlet | Found a large runed translucent door.
  7752 | Gauntlet | Found a large runed translucent door.
  7752 | Gauntlet | Found a large runed translucent door.
  7752 | Gauntlet | Found a large runed translucent door.
  7756 | Gauntlet | Found a runed translucent gate.
  7756 | Gauntlet | Found a runed translucent gate.
  7756 | Gauntlet | Found a runed translucent gate.
  7760 | Gauntlet | Noticed a death scarab
  7761 | Gauntlet | Found a transporter.
  7762 | Gauntlet | Found the +0 mask of the Dragon {MR+ Slay+3 SInv}
  7771 | Gauntlet | Found a transporter.
  7771 | Gauntlet | Found a transporter.
  7771 | Gauntlet | Noticed a dire elephant
  7775 | Gauntlet | Found a transporter.
  7802 | Gauntlet | Found a transporter.
  7809 | Gauntlet | Found a transporter.
  7827 | Gauntlet | Found a transporter.
  7848 | Gauntlet | Noticed a queen ant
  7849 | Gauntlet | Found a transporter.
  7895 | Gauntlet | Found a transporter.
  7911 | Gauntlet | Found a transporter.
  8010 | Gauntlet | Found a transporter.
  8024 | Gauntlet | Found a transporter.
  8126 | Gauntlet | Killed a queen ant
  8174 | Gauntlet | Reached skill level 11 in Invocations
  8279 | Gauntlet | Noticed a minotaur
  8291 | Gauntlet | Killed a minotaur
  8291 | Gauntlet | Reached skill level 10 in Fighting
  8471 | Lair:3   | Noticed a five-headed hydra
  8481 | Lair:3   | Killed a one-headed hydra
  8724 | Lair:3   | Noticed a five-headed hydra
  8732 | Lair:3   | Killed a one-headed hydra
  9205 | Lair:5   | Reached ***** piety under Makhleb
  9210 | Lair:5   | Reached XP level 13. HP: 112/124 MP: 19/19
  9351 | Lair:5   | Reached skill level 12 in Invocations
  9866 | Lair:6   | Entered Level 6 of the Lair of Beasts
  9910 | Lair:6   | Reached ****** piety under Makhleb
  9927 | Lair:6   | Reached skill level 13 in Invocations
 10383 | Lair:6   | Found a staircase to the Slime Pits.
 10384 | Lair:6   | Found a viscous altar of Jiyva.
 11099 | D:12     | Reached skill level 10 in Armour
 11154 | D:12     | Noticed Frances
 11176 | D:12     | Gained mutation: You are weak. (Str -2) [a neqoxec]
 11179 | D:12     | Killed Frances
 11179 | D:12     | Gained mutation: You resist negative energy. (rN+) [Deep
                  | Dwarf growth]
 11179 | D:12     | Reached XP level 14. HP: 102/135 MP: 21/21
 11298 | D:12     | Noticed Psyche
 11298 | D:12     | Noticed Erolcha
 11299 | D:12     | Noticed Psyche
 11299 | D:12     | Psyche changed into Psyche the soldier ant
 11308 | D:12     | Killed Erolcha
 11310 | D:12     | Killed Psyche the soldier ant
 11382 | D:12     | Found a large runed translucent door.
 11382 | D:12     | Found a large runed translucent door.
 11502 | D:12     | Reached skill level 10 in Shields
 11649 | D:12     | Found Xushar's Magic Scroll Emporium.
 11695 | D:12     | Bought a scroll of enchant weapon for 112 gold pieces
 11695 | D:12     | Bought a scroll of magic mapping for 52 gold pieces
 11779 | D:12     | Noticed Jorgrun
 11790 | D:12     | Killed Jorgrun
 12449 | D:13     | Found a gate to the Vaults.
 12560 | D:13     | Reached skill level 14 in Invocations
 12995 | D:13     | Reached skill level 10 in Dodging
 13683 | D:14     | Noticed Snorg
 13694 | D:14     | Killed Snorg
 13889 | D:15     | Entered Level 15 of the Dungeon
 14091 | D:15     | Reached XP level 15. HP: 145/145 MP: 23/23
 14431 | D:15     | Reached skill level 15 in Invocations
 14443 | D:15     | Slain by an enormous slime creature

Levels and vault maps discovered:
D:1:      eino_arrival_druids_welcome, layout_loops_ring, st_stairs_8, tso_altar
D:2:      layout_basic
D:3:      layout_basic, grunt_gozag_statues, minmay_misc_feat_encased
D:4:      layout_basic, kennysheep_small_square
D:5:      layout_cave_pools, basic_altar, first_ration
D:6:      layout_loops_ring, minmay_temple_entry_proselytizer, minivault_25,
          uniq_maggie
D:7:      layout_basic, nicolae_overflow_hidden_temple, lemuel_crystal_altar,
          serial_shops, nicolae_shop_stone, minmay_fire_ice_demons
D:8:      layout_basic, gammafunk_temple_overflow_statue,
          hangedman_pestilent_swarm, minmay_misc_feat_doors
D:9:      layout_long_grid, serial_shops, nicolae_shop_crystal, uniq_grum
D:10:     layout_cave_pods, basic_altar
D:11:     layout_loops_cross, lair_entry_dummy, orc_0_dummy, nrook_mini_vaults
D:12:     layout_stronghold, serial_shops, shop, lightli_elemental_guards,
          uniq_erolcha, uniq_jorgrun, uniq_psyche, uniq_frances
D:13:     layout_irregular_city, david_vaults_4,
          hangedman_abyss_or_decor_stagger
D:14:     layout_loops_ring, grunt_decor_fettered, uniq_snorg
D:15:     gammafunk_enter_depths_forms, layout_basic, special_room
          [special_room_mythical_zoo], minmay_crystal_water
Temple:   minmay_temple_bridge_d
Lair:1:   layout_chaotic_city
Lair:2:   gammafunk_cloud_chamber, layout_regular_city,
          minmay_swamp_entry_worms, spider_nest_entry_web_field, minivault_24
Lair:3:   layout_cave_pods, gauntlet_entry_generic,
          nicolae_volcano_entry_lava_flow, st_stairs_4,
          kennysheep_abandoned_house, minmay_lair_oklob_chamber,
          grunt_megastairs_2
Lair:4:   layout_hall_layers, lemuel_fruit_tree, grunt_megastairs_3,
          uniq_josephine, uniq_kirke
Lair:5:   layout_regular_city
Lair:6:   minmay_lair_end_enchanted_forest, layout_small_grid,
          dpeg_slime_entry_enclosed_altar, grunt_megastairs_5

Skill      XL: |  1  2  3  4  5  6  7  8  9 10 11 12 13 14 15 |
---------------+----------------------------------------------+-----
Fighting       | 3 4 5 6 7 8 9 10 11 12 | 12.3
Axes           | 3 4 5 7 8 9 10 11 13 14 | 14.2
Dodging        | 1 2 3 4 5 6 7 8 9 10 | 10.3
Armour         | 4 5 6 7 8 9 10 | 10.9
Shields        | 4 5 6 7 8 9 10 | 10.7
Invocations    | 2 6 8 10 11 13 14 15 | 15.0

Action                   |  1- 3 |  4- 6 |  7- 9 | 10-12 | 13-15 || total
-------------------------+-------+-------+-------+-------+-------++-------
Melee: War axe           |    90 |       |   153 |   566 |   883 ||  1692
       Hand axe          |       |    79 |   123 |       |       ||   202
       Quick blade       |       |       |       |    17 |       ||    17
Invok: Lesser Servant of |       |       |       |     3 |     4 ||     7
 Abil: Heal Wounds       |     1 |     5 |    14 |    15 |     1 ||    36
Evoke: Wand              |       |       |       |     4 |     1 ||     5
  Use: Scroll            |       |       |    11 |    16 |       ||    27
       Potion            |       |       |     1 |     1 |       ||     2
 Stab: Distracted        |       |       |       |     3 |     3 ||     6
  Eat: Chunk             |       |     1 |    10 |    16 |    17 ||    44
       Ration            |       |       |       |     1 |       ||     1
Armor: Scale mail        |    54 |    29 |    86 |    36 |       ||   205
       Plate armour      |       |       |       |   209 |   426 ||   635
       Skin              |       |       |       |     8 |       ||     8
Dodge: Dodged            |    43 |    26 |   108 |   166 |   303 ||   646
Block: Kite shield       |    53 |    43 |   176 |   348 |   520 ||  1140

Table legend:
 A = Non-vault XP
 B = Vault XP
 C = Vault XP percentage of total XP
 D = Non-vault monster count
 E = Vault monster count
 F = Vault count percentage of total count
                 A         B        C        D         E       F
            +---------+---------+-------+---------+---------+-------
      Total |   80234 |   32550 |  28.9 |     474 |     121 |  20.3
            +---------+---------+-------+---------+---------+-------
        D:1 |       2 |       0 |   0.0 |       1 |       0 |   0.0
        D:2 |      22 |       0 |   0.0 |       6 |       0 |   0.0
        D:3 |      47 |       0 |   0.0 |      19 |       0 |   0.0
        D:4 |     232 |     130 |  35.9 |      12 |       2 |  14.3
        D:5 |     955 |       0 |   0.0 |      30 |       0 |   0.0
        D:6 |     591 |     439 |  42.6 |      20 |       2 |   9.1
        D:7 |     990 |      58 |   5.5 |      13 |       2 |  13.3
        D:8 |    2797 |     749 |  21.1 |      31 |       4 |  11.4
        D:9 |    2080 |     527 |  20.2 |      29 |       4 |  12.1
       D:10 |     321 |       0 |   0.0 |       9 |       0 |   0.0
       D:11 |    1811 |       0 |   0.0 |      19 |       0 |   0.0
       D:12 |    5448 |    5354 |  49.6 |      41 |       4 |   8.9
       D:13 |   12587 |    3378 |  21.2 |      48 |       5 |   9.4
       D:14 |    4892 |    1140 |  18.9 |      20 |       1 |   4.8
       D:15 |   13229 |    3497 |  20.9 |      32 |       9 |  22.0
     Lair:1 |    7932 |       0 |   0.0 |      39 |       0 |   0.0
     Lair:2 |    6310 |     444 |   6.6 |      27 |       2 |   6.9
     Lair:3 |    4098 |    2202 |  35.0 |      12 |      20 |  62.5
     Lair:4 |     836 |       0 |   0.0 |       5 |       0 |   0.0
     Lair:5 |    7749 |       0 |   0.0 |      36 |       0 |   0.0
     Lair:6 |    7305 |   10721 |  59.5 |      25 |      54 |  68.4
   Gauntlet |       0 |    3911 | 100.0 |       0 |      12 | 100.0
            +---------+---------+-------+---------+---------+-------
